 Dungeon Crawl Stone Soup version 0.28-a0-1152-g9c71ebef14 (webtiles) character file.

Game seed: 16850970881621083823

352 ders the Digger (level 6, -1/32 HPs)
             Began as a Gargoyle Earth Elementalist on Dec 14, 2021.
             Slain by Natasha (8 damage)
             ... on level 3 of the Dungeon.
             The game lasted 00:04:20 (4150 turns).

ders the Digger (Gargoyle Earth Elementalist)       Turns: 4150, Time: 00:04:21

Health: -1/32      AC:  6    Str: 11    XL:     6   Next: 62%
Magic:  3/11       EV: 11    Int: 18    God:
Gold:   128        SH:  0    Dex: 10    Spells: 8/12 levels left

rFire   . . .      SeeInvis .   h - +1 scythe (vamp)
rCold   . . .      Faith    .   (shield currently unavailable)
rNeg    + . .      Spirit   .   b - +0 robe
rPois   ∞          Reflect  .   (no helmet)
rElec   +          Harm     .   (no cloak)
rCorr   .          Rampage  .   (no gloves)
Will    .....                   (no boots)
Stlth   ++........              (no amulet)
HPRegen 0.10/turn               (no ring)
MPRegen 0.12/turn               (no ring)

@: no status effects
A: sickness immunity, AC +4, negative energy resistance 1, electricity
resistance, torment resistance 1, petrification resistance
a: no special abilities


You were on level 3 of the Dungeon.
You visited 1 branch of the dungeon, and saw 3 of its levels.

You collected 128 gold pieces.

Inventory:

Hand Weapons
 c - a +1 short sword
 h - a +1 vampiric scythe (weapon)
Missiles
 a - 4 javelins
 g - 39 stones
Armour
 b - a +0 robe (worn)
Scrolls
 d - 2 scrolls of teleportation
 e - a scroll of identify
Potions
 f - a potion of attraction
 i - a potion of lignification {unknown}
 j - a potion of invisibility {unknown}
 k - a potion of heal wounds


   Skills:
 - Level 1.5 Dodging
 - Level 2.1 Stealth
 + Level 3.9 Spellcasting
 + Level 3.8 Conjurations
 - Level 0.7 Transmutations
 + Level 5.8 Earth Magic


You had 8 spell levels left.
You knew the following spells:

 Your Spells              Type           Power      Damage    Failure   Level
a - Sandblast             Erth           48%        2d12      1%          1
b - Stone Arrow           Conj/Erth      42%        3d9       6%          3

Your spell library contained the following spells:

 Spells                   Type           Power      Damage    Failure   Level
 Passwall                 Tmut/Erth      12%        N/A       6%          2
 Petrify                  Tmut/Erth      15%        N/A       36%         4


Dungeon Overview and Level Annotations

Branches:
Dungeon (3/15)

Altars:

Shops:
D:3 [

Annotations:
D:3 Natasha


Innate Abilities, Weirdness & Mutations

You are immune to sickness and miasma.
Your stone body is resilient. (AC +4)
You are immune to poison.
You resist negative energy. (rN+)
You are resistant to electric shocks. (rElec)
You are resistant to unholy torment.
You are immune to petrification.


Message History

Aiming: Stone Arrow (dangerous; 6% risk of failure)
Press: ? - help, Shift-Dir - straight line, f/p - white imp
Aim: a white imp (summoned, 71% to hit)
You miscast Stone Arrow.
You are very lightly contaminated with residual magic.
Nothing appears to happen.
The white imp gestures at you. The puff of frost hits you.
Casting: Stone Arrow (dangerous; 6% risk of failure)
Confirm with . or Enter, or press ? or * to list all spells.
Aiming: Stone Arrow (dangerous; 6% risk of failure)
Press: ? - help, Shift-Dir - straight line, f/p - white imp
Aim: a white imp (summoned, 71% to hit)
The stone arrow misses the white imp.
Natasha claws you. The white imp closely misses you.
Unknown command.
You hit Natasha.
Natasha is moderately wounded.
Natasha closely misses you. The white imp misses you.
Natasha claws you but does no damage. The white imp barely misses you.
You closely miss Natasha.
Natasha is moderately wounded.
Natasha claws you but does no damage. The white imp gestures at you.
The puff of frost hits you! Natasha claws you but does no damage.
The white imp gestures at you. The puff of frost misses you.
You hit Natasha but do no damage.
Natasha is moderately wounded.
Natasha claws you!
* * * LOW HITPOINT WARNING * * *
The white imp gestures at you. The puff of frost misses you. Natasha claws you.
* * * LOW HITPOINT WARNING * * *
The white imp hits you but does no damage.
Your magical contamination has completely faded away.
You barely miss Natasha.
Natasha is moderately wounded.
Natasha claws you!
You die...

#..... #....
#.... #...#
#...# #
#...###..#
#.5h......
#.@.#
#...###..
###.........
#...........
#.#.........
#.#.........
##.#...###..#
#............
##....####..#
....


You could see Natasha and a white imp (summoned).

Vanquished Creatures
  Sigmund (D:2)
  A black bear (D:3)
  3 gnolls
  2 adders (D:2)
  2 dart slugs (D:1)
  11 ball pythons
  6 endoplasms
  2 giant cockroaches
  7 goblins
  5 hobgoblins
  3 quokkas (D:2)
  4 bats
  3 frilled lizards
  4 kobolds
  3 rats
57 creatures vanquished.

Notes
Turn   | Place    | Note
-------+----------+-------------------------------------------
     0 | D:1      | ders the Gargoyle Earth Elementalist began the quest for
                  | the Orb.
     0 | D:1      | Reached XP level 1. HP: 10/10 MP: 3/3
    29 | D:1      | Reached XP level 2. HP: 4/15 MP: 0/5
   340 | D:1      | Reached skill level 1 in Conjurations
   413 | D:1      | Reached skill level 4 in Earth Magic
   791 | D:1      | Reached XP level 3. HP: 19/19 MP: 4/6
  1429 | D:1      | Learned a level 3 spell: Stone Arrow
  2005 | D:1      | Reached XP level 4. HP: 17/24 MP: 0/8
  2389 | D:2      | Noticed Sigmund
  2814 | D:2      | Found a faded altar of an unknown god.
  3322 | D:2      | Killed Sigmund
  3323 | D:2      | Reached skill level 5 in Earth Magic
  3323 | D:2      | Reached XP level 5. HP: 28/28 MP: 1/10
  3323 | D:2      | Reached XP level 6. HP: 32/32 MP: 1/11
  3944 | D:3      | Noticed a black bear
  3950 | D:3      | Killed a black bear
  4062 | D:3      | Found Ruoheux's Armour Emporium.
  4140 | D:3      | Noticed Natasha
  4150 | D:3      | Slain by Natasha

Illustrated notes

Levels and vault maps discovered:
D:1:      dpeg_arrival_rooms_with_view, layout_loops_corners,
          serial_bayou_pond_d, minivault_26, st_stairs_13, minmay_hexomino_u4
D:2:      minmay_wonky_spiral, layout_basic,
          chequers_ecumenical_altar_simple_redux, uniq_sigmund
D:3:      layout_basic, serial_shops, shop, uniq_natasha

Skill      XL: |  1  2  3  4 |
---------------+-------------+-----
Conjurations   | 1 2 3 |  3.8
Earth Magic    | 4 5 |  5.8
Spellcasting   | 3 |  3.9
Dodging        | |  1.5
Stealth        | |  2.1
Transmutations | |  0.7

Action                   |  1- 3 |  4- 6 || total
-------------------------+-------+-------++-------
Melee: Unarmed           |    39 |       ||    39
       Short sword       |     8 |    36 ||    44
       Scythe            |       |    27 ||    27
 Cast: Sandblast         |    34 |     1 ||    35
       Stone Arrow       |     4 |    27 ||    31
  Use: Potion            |     1 |       ||     1
       Scroll            |       |     3 ||     3
 Stab: Sleeping          |       |     3 ||     3
Armor: Robe              |    13 |    42 ||    55
Dodge: Dodged            |    29 |    73 ||   102

Table legend: (Time is in decaauts)
 A = Elapsed time spent in this place.
 B = Non-inter-level travel time spent in this place.
 C = Inter-level travel time spent in this place.
 D = Time resting spent in this place.
 E = Time spent auto-exploring this place.
 F = Levels seen in this place.
 G = Mean time per level.
                   A        B        C        D        E       F      G
               +--------+--------+--------+--------+--------+-----+--------+
         Total |   4183 |   4024 |    159 |   1185 |   2346 |   3 | 1394.3 |
       Dungeon |   4183 |   4024 |    159 |   1185 |   2346 |   3 | 1394.3 |
               +--------+--------+--------+--------+--------+-----+--------+

Top non-repeatable levels by time:
     D:1: 2185 daAuts
     D:2: 1747 daAuts
     D:3: 250 daAuts
